 Dungeon Crawl Stone Soup version 0.31-a0-198-g2ad674f65e (webtiles) character file.

Game seed: 1080847128294062720

53 qw the Shooter (level 3, -1/20 HPs)
             Began as a Deep Elf Hunter on June 25, 2023.
             Slain by a goblin
             ... wielding a +0 club
             ... led by Robin
              (5 damage)
             ... on level 2 of the Dungeon.
             The game lasted 00:00:21 (852 turns).

qw the Shooter (Deep Elf Hunter)                     Turns: 852, Time: 00:00:21

Health: -1/20      AC:  9    Str: 10    XL:     3   Next: 62%
Magic:  5/5        EV: 11    Int: 13    God:
Gold:   68         SH:  0    Dex: 18    Spells: 2/2 levels left

rFire   . . .        Y - +1 shortbow
rCold   . . .        (shield currently unavailable)
rNeg    . . .        h - +0 ring mail
rPois   .            (no helmet)
rElec   .            (no cloak)
rCorr   .            (no gloves)
SInv    .            (no boots)
Will    .....        (no amulet)
Stlth   +            d - +4 ring of protection
HPRegen 0.23/turn    (no ring)
MPRegen 0.09/turn

%: no passive effects
@: no status effects
A: no striking features
a: no special abilities


You were on level 2 of the Dungeon.
You visited 1 branch of the dungeon, and saw 2 of its levels.

You collected 68 gold pieces.


   Skills:
 - Level 1.5 Fighting
 + Level 7.1 Ranged Weapons
 - Level 2.4 Dodging
 - Level 1.2 Stealth


You had 2 spell levels left.
You didn't know any spells.
Your spell library was empty.

Inventory:

Hand Weapons
 Y - a +1 shortbow (weapon)
Armour
 h - a +0 ring mail (worn)
Jewellery
 d - a +4 ring of protection (left hand)
Scrolls
 f - a scroll of identify
Potions
 i - a potion of curing {unknown}
 k - a potion of cancellation {unknown}
 m - a potion of lignification {unknown}

Dungeon Overview and Level Annotations

Branches:
Dungeon (2/15)

Altars:
Zin

Shops:
D:1 [


Message History

The goblin hits you but does no damage.
You shoot an arrow. The arrow hits Robin.
You kill Robin!
The quokka barely misses you. The goblin hits you but does no damage.
A hobgoblin comes into view.
The goblin hits you but does no damage. The quokka barely misses you.
Your Ranged Weapons skill increases to level 7!
You shoot an arrow. The arrow hits the goblin.
The goblin is heavily wounded.
The goblin hits you but does no damage. The goblin closely misses you.
The goblin hits you with a +0 club. The quokka closely misses you.
The goblin hits you but does no damage. The goblin barely misses you.
The goblin misses you.
You shoot an arrow. The arrow closely misses the goblin.
The arrow hits the goblin but does no damage.
The quokka bites you but does no damage.
The goblin hits you with a +0 club. The goblin hits you but does no damage.
A goblin comes into view. It is wielding a +0 dagger.
The goblin barely misses you.
The quokka bites you but does no damage.
You shoot an arrow. The goblin shouts!
The arrow hits the goblin.
You kill the goblin!
The goblin completely misses you. The goblin hits you with a +0 club.
The quokka barely misses you.
You shoot an arrow. The arrow barely misses the goblin.
The arrow closely misses the goblin.
The quokka completely misses you. The goblin completely misses you.
A hobgoblin comes into view.
The goblin hits you with a +0 club. The goblin barely misses you.
You shoot an arrow. The arrow hits the goblin.
You kill the goblin!
The quokka barely misses you. The goblin barely misses you.
The goblin hits you but does no damage. The quokka barely misses you.
You shoot an arrow. The arrow barely misses the hobgoblin.
The goblin closely misses you.
The hobgoblin hits you but does no damage.
The goblin hits you with a +0 club.
You die...

****,#.# ##.**#..#
*,#.# *****#.).##..#
*,#.# *,,,,.........
*,#.# *,***#...##.>#
*,#.# *,* ##.**#...
*## *,#.# *,*
*#,**##.# ##.## *,#.#
*,* **,,,**#.# #...##
*,#g# *,* *,,,,,*#.#
.....## ***,#@#**,*
*,,,,,,..# ......##
#...grgg#,***,,,,,*###
.......#
#.#.#.#gg..,,,,,,** #
......#*
*,#...#.).##*,**** #
.....## *,#,###*#.#
*,* # #.<.##
*,*,,,*,,.# *,* #
##.## *,***,*,**# *,*
# #.# ***,***,,,* *,*
* #.# *,,,,,**,** *,*
*


You could see a quokka, 2 hobgoblins and 4 goblins.

Vanquished Creatures
  Robin (D:2)
  An adder (D:2)
  A dart slug (D:2)
  3 ball pythons (D:1)
  5 endoplasms
  A giant cockroach (D:1)
  5 goblins (D:2)
  2 hobgoblins (D:1)
  A quokka (D:1)
  2 bats (D:1)
  4 frilled lizards (D:1)
  3 kobolds (D:1)
  3 rats (D:1)
32 creatures vanquished.

Notes
Turn   | Place    | Note
-------+----------+-------------------------------------------
     0 | D:1      | qw the Deep Elf Hunter began the quest for the Orb.
     0 | D:1      | Reached XP level 1. HP: 12/12 MP: 3/3
     0 | D:1      | 0 ||| qw: Version: 0.3-a-22-g0ed2b0b
     0 | D:1      | 0 ||| qw: Game counter: 5214
     0 | D:1      | 0 ||| qw: Melee chars always use a shield: true
     0 | D:1      | 0 ||| qw: God list: Okawaru
     0 | D:1      | 0 ||| qw: Allow faded altars: false
     0 | D:1      | 0 ||| qw: Do Orc after clearing Dungeon:15 true
     0 | D:1      | 0 ||| qw: Do second Lair branch before Depths: true
     0 | D:1      | 0 ||| qw: Lair rune preference: random
     0 | D:1      | 0 ||| qw: Goals: Normal
     0 | D:1      | 0 ||| PLANNING D:1-11
    90 | D:1      | Reached XP level 2. HP: 16/16 MP: 4/4
    93 | D:1      | Reached skill level 6 in Ranged Weapons
   173 | D:1      | You fall into a shaft and drop 1 floor!
   273 | D:2      | Found a glowing silver altar of Zin.
   302 | D:2      | 302 ||| UPGRADING to +0 ring mail.
   312 | D:2      | 312 ||| DROPPING +0 leather armour.
   313 | D:2      | 313 ||| UPGRADING to +4 ring of protection.
   314 | D:2      | 314 ||| READING scroll labelled ROPECY ICOGGIU.
   315 | D:2      | 315 ||| READING 2 scrolls labelled PIDDANGE NIZED.
   316 | D:2      | 316 ||| READING scroll labelled YSEKIPOOFA.
   317 | D:2      | 317 ||| READING scroll labelled XUHEZAAH OHOUJO.
   318 | D:2      | 318 ||| READING scroll labelled ZEOGRI OX KUGG.
   319 | D:2      | 319 ||| DROPPING scroll of butterflies.
   504 | D:1      | Found Hoittec's Armour Emporium.
   511 | D:1      | 511 ||| SHOPLISTING +0 pair of boots of Mumumn {rF+} (203
                  | gold, have 47).
   511 | D:1      | 511 ||| SHOPLISTING +3 scale mail of poison resistance (253
                  | gold, have 47).
   672 | D:1      | 672 ||| READING scroll labelled RUEVOI PYAME.
   759 | D:2      | Reached XP level 3. HP: 15/20 MP: 5/5
   838 | D:2      | Noticed Robin
   846 | D:2      | Killed Robin
   847 | D:2      | Reached skill level 7 in Ranged Weapons
   848 | D:2      | HP: 5/20 [goblin/+0 club[Robin] (3)]
   852 | D:2      | Slain by a goblin

Levels and vault maps discovered:
D:1:      lemuel_arrival_rhombus, layout_rooms, serial_shops, shop,
          minmay_tetromino_s2
D:2:      layout_loops_ring, basic_altar, uniq_robin

Skill      XL: |  1  2  3 |
---------------+----------+-----
Ranged Weapons | 6 7 |  7.1
Fighting       | |  1.5
Dodging        | |  2.4
Stealth        | |  1.2

Action                     || total
---------------------------++-------
   Fire: Shortbow          ||    74
    Use: Scroll            ||     6
 Armour: Ring mail         ||    21
  Dodge: Dodged            ||    28

Table legend:
 A = Non-vault XP
 B = Vault XP
 C = Vault XP percentage of total XP
 D = Non-vault monster count
 E = Vault monster count
 F = Vault count percentage of total count
                 A         B        C        D         E       F
            +---------+---------+-------+---------+---------+-------
      Total |      48 |      28 |  36.8 |      24 |       8 |  25.0
            +---------+---------+-------+---------+---------+-------
        D:1 |      29 |       4 |  12.1 |      21 |       2 |   8.7
        D:2 |      19 |      24 |  55.8 |       3 |       6 |  66.7
            +---------+---------+-------+---------+---------+-------
